 Dungeon Crawl Stone Soup version 0.27.0-1-g7a089689b8 (webtiles) character file.

Game seed: 5007812711429240008

291 Anothat the Skirmisher (level 6, -5/40 HPs)
             Began as a Gargoyle Fighter on July 31, 2021.
             Was an Initiate of Hepliaklqana.
             Slain by an ogre (7 damage)
             ... on level 4 of the Dungeon.
             The game lasted 00:11:27 (4620 turns).

Anothat the Skirmisher (Gargoyle Fighter)           Turns: 4620, Time: 00:11:28

Health: -5/40      AC: 16    Str: 22    XL:     6   Next: 32%
Magic:  6/6        EV:  5    Int:  8    God:    Hepliaklqana [......]
Gold:   910        SH:  9    Dex:  9    Spells: 5/5 levels left

rFire    . . .     SeeInvis .   a - +0 flail
rCold    . . .     Faith    .   c - +0 kite shield
rNeg     + . .     Spirit   .   l - +0 chain mail
rPois    ∞         Reflect  .   (no helmet)
rElec    +         Harm     .   o - +0 cloak
rCorr    +         Rampage  .   p - +0 pair of gloves
Will     +....                  (no boots)
Stlth    ..........             e - amulet of the acrobat
HPRegen  0.13/turn              j - ring of willpower
MPRegen  0.10/turn              q - ring of resist corrosion

@: mighty
A: sickness immunity, AC +4, negative energy resistance 1, electricity
resistance, torment resistance 1, petrification resistance
a: Renounce Religion


You were on level 4 of the Dungeon.
You worshipped Hepliaklqana.
Hepliaklqana was noncommittal.
You visited 2 branches of the dungeon, and saw 6 of its levels.

You collected 910 gold pieces.

Inventory:

Hand Weapons
 a - a +0 flail (weapon)
Armour
 b - a +0 scale mail
 c - a +0 kite shield (worn)
 l - a +0 chain mail (worn)
 o - a +0 cloak (worn)
 p - a +0 pair of gloves (worn)
Jewellery
 e - an amulet of the acrobat (around neck)
 h - a ring of see invisible
 j - a ring of willpower (left hand)
 q - a ring of resist corrosion (right hand)
Scrolls
 f - a scroll of fog
 i - 4 scrolls of identify
Potions
 g - a potion of lignification
 m - a potion of degeneration {unknown}
 n - 3 potions of haste {unknown}
 r - a potion of curing {unknown}


   Skills:
 * Level 5.5 Fighting
 + Level 3.4 Maces & Flails
 - Level 4.0 Armour
 + Level 4.5 Shields


You had 5 spell levels left.
You didn't know any spells.
Your spell library contained the following spells:

 Spells                   Type           Power      Damage    Failure   Level
 Blink                    Tloc           N/A        N/A       100%        2
 Manifold Assault         Tloc           0%         N/A       100%        5
 Storm Form               Tmut/Air       0%         N/A       100%        7


Dungeon Overview and Level Annotations

Branches:
Dungeon (5/15)             Temple (1/1) D:4

Altars:
Cheibriados
Dithmenos
Elyvilon
Hepliaklqana
Makhleb
Nemelex Xobeh
Qazlal
Ru
Sif Muna
Trog
Wu Jian
Xom
Yredelemnul
Zin


Innate Abilities, Weirdness & Mutations

You are immune to sickness and miasma.
Your stone body is resilient. (AC +4)
You are immune to poison.
You resist negative energy. (rN+)
You are resistant to electric shocks. (rElec)
You are resistant to unholy torment.
You are immune to petrification.


Message History

You throw a throwing net.
The throwing net misses the water moccasin.
The water moccasin bites you.
* * * LOW HITPOINT WARNING * * *
Throw: throwing net
Press: ? - help, Q - select action Shift-Dir - straight line, f/p - water moccasin
Aim: a water moccasin (heavily wounded, 32% to hit)
You throw a throwing net.
The throwing net barely misses the water moccasin.
You block the water moccasin's attack.
The water moccasin bites you but does no damage.
You hit the water moccasin.
The water moccasin is heavily wounded.
You block the water moccasin's attack. x2
Okay, then.
You feel very mighty all of a sudden.
The water moccasin bites you but does no damage.
You thump the water moccasin!
The water moccasin is almost dead.
You block the water moccasin's attack. The water moccasin barely misses you.
You barely miss the water moccasin.
The water moccasin is almost dead.
The water moccasin bites you.
* * * LOW HITPOINT WARNING * * *
The water moccasin bites you but does no damage.
You closely miss the water moccasin.
The water moccasin is almost dead.
The water moccasin bites you.
* * * LOW HITPOINT WARNING * * *
The water moccasin bites you but does no damage.
You miss the water moccasin.
The water moccasin is almost dead.
The water moccasin bites you but does no damage.
You block the water moccasin's attack. You block the ogre's attack.
You barely miss the water moccasin.
The water moccasin is almost dead.
You block the water moccasin's attack. The water moccasin bites you.
* * * LOW HITPOINT WARNING * * *
The ogre hits you with a +0 giant spiked club!
You die...

....# ...#############
##......##......
.........#......
.........#......
.........#......
.........#......
#...######......########
#'### .......@.......
....#..........SO.......
....#...................
....#...................
#####.......(...........
..........##############
..........#..
..........'....
.........<#.......


You could see a water moccasin and an ogre.

Vanquished Creatures
  A water moccasin skeleton (D:4)
  2 hounds
  A bullfrog skeleton (D:4)
  A hound skeleton (D:4)
  A gnoll (D:5)
  5 adders
  2 worms (D:2)
  A dart slug (D:1)
  An orc (D:3)
  2 bats
  9 endoplasms
  3 giant cockroaches
  7 goblins
  7 hobgoblins
  5 jackals
  8 kobolds
  4 quokkas
  10 ball pythons
  A frilled lizard (D:2)
  5 rats
76 creatures vanquished.

Vanquished Creatures (others)
  8 plants
8 creatures vanquished.

Grand Total: 84 creatures vanquished

Notes
Turn   | Place    | Note
-------+----------+-------------------------------------------
     0 | D:1      | Anothat the Gargoyle Fighter began the quest for the Orb.
     0 | D:1      | Reached XP level 1. HP: 14/14 MP: 1/1
   215 | D:1      | Reached XP level 2. HP: 19/19 MP: 2/2
   667 | D:1      | Reached XP level 3. HP: 17/24 MP: 3/3
  1160 | D:1      | Reached skill level 4 in Fighting
  1869 | D:2      | Reached XP level 4. HP: 29/29 MP: 4/4
  3081 | D:3      | Identified a scroll of acquirement
  3081 | D:3      | Acquired 802 gold pieces
  3126 | D:4      | Noticed an ogre
  3235 | D:4      | Reached XP level 5. HP: 31/34 MP: 5/5
  3383 | D:4      | Reached skill level 5 in Fighting
  3573 | D:4      | Reached XP level 6. HP: 35/40 MP: 6/6
  3738 | D:4      | Found a staircase to the Ecumenical Temple.
  3760 | Temple   | Entered the Ecumenical Temple
  3871 | Temple   | Became a worshipper of Hepliaklqana the Forgotten
  4336 | D:5      | Entered Level 5 of the Dungeon
  4565 | D:5      | Noticed a water moccasin
  4620 | D:4      | HP: 2/40 [water moccasin (5)]
  4620 | D:4      | Slain by an ogre

Illustrated notes

Levels and vault maps discovered:
D:1:      psy_arrival_radial02, layout_loops_ring, serial_forest,
          infiniplex_forest_straight_5, infiniplex_forest_clump_long,
          infiniplex_forest_lined_corner, infiniplex_forest_3_way,
          infiniplex_forest_clump_curved, minivault_19, minmay_pentomino_t2
D:2:      minmay_skewed_foursquare, layout_basic, minmay_splitting_lines
D:3:      layout_basic, minivault_14, kennysheep_boxes
D:4:      kennysheep_big_flooded_room, layout_gridville,
          minmay_temple_entry_drinking_statues, corexii_hall_statues_t,
          st_stairs_13, serial_bayou_ford_a
D:5:      gammafunk_cloud_chamber, layout_loops_ring
Temple:   eino_temple_scatter_basement

Skill      XL: |  1  2  3  4  5 |
---------------+----------------+-----
Fighting       | 4 5 |  5.5
Armour         | 4 |  4.0
Shields        | 4 |  4.5
Maces & Flails | 3 |  3.4

Action                   |  1- 3 |  4- 6 || total
-------------------------+-------+-------++-------
Melee: Flail             |   115 |   221 ||   336
Throw: Throwing net      |       |     3 ||     3
  Use: Scroll            |       |     6 ||     6
       Potion            |       |     1 ||     1
Armor: Scale mail        |    41 |       ||    41
       Chain mail        |    15 |   173 ||   188
Dodge: Dodged            |    37 |    59 ||    96
Block: Kite shield       |    56 |   150 ||   206
